 Dungeon Sprint DCSS version 0.31-a0-75-g6fe912e8c5 (webtiles) character file.

Game seed: 14888421514489958163

4323 fozzywoppz the Severer (level 10, 0/104 HPs)
             Began as a Minotaur Fighter on May 23, 2023.
             Was a High Priest of Okawaru.
             Succumbed to a redback's poison
             ... in the Dungeon (Sprint I: "Red Sonja").
             The game lasted 00:05:48 (1417 turns).

fozzywoppz the Severer (Minotaur Fighter)           Turns: 1417, Time: 00:05:48

Health: 0/104      AC: 12    Str: 23    XL:     10   Next: 11%
Magic:  16/16      EV: 15    Int:  5    God:    Okawaru [*****.]
Gold:   418        SH:  5    Dex: 12    Spells: 9/9 levels left

rFire   . . .        a - +0 war axe
rCold   . . .        m - +0 buckler {AC+3}
rNeg    . . .        g - +0 troll leather armour
rPois   .            (helmet restricted)
rElec   .            (no cloak)
rCorr   .            (no gloves)
SInv    .            (no boots)
Will    +....        (no amulet)
Stlth   +            f - +4 ring of protection
HPRegen 1.17/turn    (no ring)
MPRegen 0.15/turn

%: no teleportation
@: lethally poisoned (0 -> -8), enlightened, flying
A: horns 2, retaliatory headbutt
a: Renounce Religion, Heroism, Finesse


You were in the Dungeon.
You worshipped Okawaru.
Okawaru was extremely pleased with you.
You visited 1 branch You collected 850 gold pieces.
You spent 432 gold pieces at shops.

Inventory:

Hand Weapons
 a - a +0 war axe (weapon)
Missiles
 e - 4 curare-tipped darts (quivered)
Armour
 g - a +0 troll leather armour (worn)
 m - a +0 buckler of protection (worn)
Jewellery
 f - a +4 ring of protection (left hand)
Wands
 k - a wand of polymorph (4)
Scrolls
 j - a scroll of blinking
 l - a scroll of identify {unknown}
Potions
 d - a potion of might
 h - 2 potions of magic


   Skills:
 + Level 14.7 Fighting
 + Level 16.0 Axes
 - Level 10.0 Armour
 - Level 10.0 Dodging
 + Level 6.9 Shields
 + Level 9.4 Invocations


You had 9 spell levels left.
You didn't know any spells.
Your spell library was empty.

Dungeon Overview and Level Annotations

Branches:
Dungeon (1/1)

Altars:
Cheibriados
Dithmenos
Elyvilon
Fedhas
Gozag
Hepliaklqana
Kikubaaqudgha
Makhleb
Nemelex Xobeh
Okawaru
Qazlal
Ru
Sif Muna
Trog
Uskayaw
Vehumet
Wu Jian
Xom
Yredelemnul
Zin
The Shining One
Jiyva
Lugonu

Shops:
D [=[


Innate Abilities, Weirdness & Mutations

You have a pair of horns on your head.
You reflexively headbutt those who attack you in melee.


Message History

You hit the redback but do no damage.
The redback is almost dead.
You feel very sick. The redback bites you!
You are lethally poisoned!
The redback poisons you!
You are too injured to fight recklessly!
You are too injured to fight recklessly!
You are too injured to fight recklessly!
You barely miss the redback.
The redback is almost dead.
You feel extremely sick. The redback bites you.
You hit the redback.
The redback is almost dead.
* * * LOW HITPOINT WARNING * * *
You feel extremely sick. The redback barely misses you.
You furiously retaliate!
You headbutt the redback. The redback closely misses you.
You furiously retaliate!
You headbutt the redback.
You kill the redback!
Okawaru accepts your kill.
Your Axes skill increases to level 16!
There is a lethal amount of poison in your body!
* * * LOW HITPOINT WARNING * * *
You feel extremely sick.
You are no longer corroded.
* * * LOW HITPOINT WARNING * * *
You feel extremely sick.
There is an open door here.
It was a potion of enlightenment.
You feel very buoyant.
You fly up into the air.
* * * LOW HITPOINT WARNING * * *
You feel very sick.
Unknown command.
* * * LOW HITPOINT WARNING * * *
You feel very sick.
There is an open door here.
You die...

####################
)..#..'..#__#..')..#
#..').#..'..'..#)..#
##'#####)#__####...+
#..#...#)####§.#####
####..##.#~§§§§#§.#
___##'#_.)~§§§.'§.#
∩...').._#§§§.§#@.#
.__##_.#'##'#####'###
___###'#[#(.§.###.'.#
######÷####'###)###.#
....'...'...[.'.∩##.#
+####...###########§#
##.## #§# #+# +§# #§#


There were no monsters in sight!

Vanquished Creatures
  2 centaur warriors (D)
  Sonja (D)
  A deep troll (D)
  An oklob plant (D)
  2 kobold demonologists (D)
  A hornet (D)
  A slime creature (D)
  Sigmund (D)
  A yak (D)
  2 redbacks (D)
  A floating eye (D)
  An ogre (D)
  A jelly (D)
  Ijyb (D)
17 creatures vanquished.

Notes
Turn   | Place    | Note
-------+----------+-------------------------------------------
     0 | D        | fozzywoppz the Minotaur Fighter began the quest for the
                  | Orb.
     0 | D        | Reached XP level 1. HP: 19/19 MP: 0/0
     1 | D        | Noticed Ijyb
     7 | D        | Killed Ijyb
     8 | D        | Reached skill level 5 in Fighting
     8 | D        | Reached skill level 4 in Axes
     8 | D        | Reached skill level 5 in Armour
     8 | D        | Reached skill level 5 in Shields
     8 | D        | Reached XP level 2. HP: 27/29 MP: 1/1
    14 | D        | Noticed an ogre
    22 | D        | Killed an ogre
    23 | D        | Reached skill level 7 in Axes
    23 | D        | Reached XP level 3. HP: 40/40 MP: 2/2
    23 | D        | Reached XP level 4. HP: 48/48 MP: 3/3
    34 | D        | Noticed Sigmund
    39 | D        | Killed Sigmund
    40 | D        | Reached skill level 10 in Fighting
    40 | D        | Reached skill level 11 in Axes
    40 | D        | Reached XP level 5. HP: 37/58 MP: 4/4
    40 | D        | Reached XP level 6. HP: 42/66 MP: 5/5
   127 | D        | Found an ornate altar of the Wu Jian Council.
   127 | D        | Found a shimmering blue altar of Sif Muna.
   129 | D        | Found a radiant altar of Vehumet.
   154 | D        | Found Ryxky's Jewellery Emporium.
   154 | D        | Found an ancient bone altar of Kikubaaqudgha.
   154 | D        | Found a hazy altar of Hepliaklqana.
   154 | D        | Found a stormy altar of Qazlal.
   154 | D        | Found a hide-covered altar of Uskayaw.
   154 | D        | Found a blossoming altar of Fedhas.
   154 | D        | Found a bloodstained altar of Trog.
   154 | D        | Found an iron altar of Okawaru.
   154 | D        | Found a basalt altar of Yredelemnul.
   154 | D        | Found a glowing golden altar of the Shining One.
   154 | D        | Found a snail-covered altar of Cheibriados.
   154 | D        | Found a sacrificial altar of Ru.
   154 | D        | Found a glowing silver altar of Zin.
   154 | D        | Found a shadowy altar of Dithmenos.
   154 | D        | Found a white marble altar of Elyvilon.
   154 | D        | Noticed a yak
   161 | D        | Killed a yak
   162 | D        | Reached skill level 13 in Axes
   162 | D        | Found an opulent altar of Gozag.
   163 | D        | Found a sparkling altar of Nemelex Xobeh.
   168 | D        | Became a worshipper of Warmaster Okawaru
   210 | D        | Found a viscous altar of Jiyva.
   210 | D        | Found a corrupted altar of Lugonu.
   210 | D        | Noticed a slime creature
   217 | D        | Killed a slime creature
   218 | D        | Reached skill level 15 in Axes
   218 | D        | Reached XP level 7. HP: 28/72 MP: 6/6
   218 | D        | Found a burning altar of Makhleb.
   218 | D        | Found a shimmering altar of Xom.
   374 | D        | Noticed a centaur warrior
   375 | D        | Noticed a centaur warrior
   393 | D        | Killed a centaur warrior
   393 | D        | Reached * piety under Okawaru
   393 | D        | Reached ** piety under Okawaru
   394 | D        | Reached XP level 8. HP: 27/82 MP: 6/10
   501 | D        | Killed a centaur warrior
   514 | D        | Noticed a hornet
   518 | D        | Noticed an oklob plant
   522 | D        | Paralysed by a hornet for 2 turns
   529 | D        | Killed a hornet
   530 | D        | Reached XP level 9. HP: 34/91 MP: 12/12
   716 | D        | Noticed Sonja
   729 | D        | Killed Sonja
   729 | D        | Reached *** piety under Okawaru
   730 | D        | Reached skill level 10 in Armour
   889 | D        | Found Mury's Armour Boutique.
   916 | D        | Bought a +4 ring of protection for 432 gold pieces
   934 | D        | Noticed a kobold demonologist
   935 | D        | Noticed a kobold demonologist
   936 | D        | Noticed a smoke demon
   936 | D        | Paralysed by a floating eye for 2 turns
   941 | D        | Killed a kobold demonologist
   941 | D        | Reached **** piety under Okawaru
   947 | D        | Killed a kobold demonologist
  1039 | D        | Noticed a deep troll
  1052 | D        | HP: 2/95 [deep troll (11)]
  1055 | D        | Killed a deep troll
  1357 | D        | Found Wopoih's Armour Emporium.
  1397 | D        | Killed an oklob plant
  1397 | D        | Reached ***** piety under Okawaru
  1398 | D        | Reached XP level 10. HP: 79/104 MP: 15/15
  1407 | D        | Reached skill level 10 in Dodging
  1413 | D        | Reached skill level 16 in Axes
  1415 | D        | HP: 5/104 [poisoned by a redback]
  1417 | D        | Succumbed to a redback's poison

Illustrated notes

Levels and vault maps discovered:
D:        dungeon_sprint_1 [red_sonja_temple_1, red_sonja_temple_small_1]

Skill      XL: |  1  2  3  4  5  6  7  8  9 10 |
---------------+-------------------------------+-----
Fighting       | 5 7 10 11 12 14 | 14.7
Axes           | 4 7 11 15 16 | 16.0
Armour         | 5 7 9 10 | 10.0
Shields        | 5 6 |  6.9
Dodging        | 4 7 9 10 | 10.0
Invocations    | 4 6 9 |  9.4

Action                     |  1- 3 |  4- 6 |  7- 9 | 10-12 || total
---------------------------+-------+-------+-------+-------++-------
  Melee: War axe           |    12 |    19 |    65 |    10 ||   106
         Headbutt          |     4 |     4 |    15 |     1 ||    24
 Invoke: Heroism           |       |       |     1 |       ||     1
    Use: Potion            |       |       |     4 |     1 ||     5
 Armour: Scale mail        |     1 |     1 |    29 |       ||    31
         Troll leather arm |       |       |       |     1 ||     1
  Dodge: Dodged            |     5 |     4 |    39 |     5 ||    53
  Block: Buckler           |     3 |     2 |    16 |     2 ||    23

Table legend: (Time is in decaauts)
 A = Elapsed time spent in this place.
 B = Non-inter-level travel time spent in this place.
 C = Inter-level travel time spent in this place.
 D = Time resting spent in this place.
 E = Time spent auto-exploring this place.
 F = Levels seen in this place.
 G = Mean time per level.
                   A        B        C        D        E       F      G
               +--------+--------+--------+--------+--------+-----+--------+
         Total |   1406 |   1406 |      0 |    963 |      0 |   1 | 1406.0 |
       Dungeon |   1406 |   1406 |      0 |    963 |      0 |   1 | 1406.0 |
               +--------+--------+--------+--------+--------+-----+--------+

Top non-repeatable levels by time:
       D: 1406 daAuts
